AoeStats
← NiNi

Arena

509825713Analyzed
4v4 RM · 6d ago on Sep 28, 2026· 37m 33s· 8 players
Game mode
Random Map
Map size
Large (8 player)
Population
200
Speed
Normal
Resources
Standard
Victory
Conquest
Starting age
Dark Age
Ending age
Imperial Age
RankedLock teamsTeams togetherTeam positionsShared explorationLock speedFull tech treeHidden civsTurbo modeCheats
Victory
Defeat
🇨🇳 Saracens · China
1131
+15
🇨🇳 Romans · China
1128
+16
🇹🇼 Celts · Taiwan
1083
+17
🇨🇳 Danes · China
1002
+21
🇹🇼 Burgundians · Taiwan
1209
-21
🇹🇼 Italians · Taiwan
1197
-21
🇹🇼 Japanese · Taiwan
1056
-15
🇹🇼 Teutons · Taiwan
991
-12
碧蓝档案糕手
10:02 Feudal Age
10:49 Double-Bit Axe
13:41 Castle Age
19:01 Wheelbarrow
20:15 Loom
21:55 Town Watch
22:53 Stone Mining
25:26 Fletching
26:02 Bodkin Arrow
26:43 Bow Saw
26:15 Crossbowman
27:33 Ballistics
27:22 Gold Mining
28:21 Padded Archer Armor
28:17 Pikeman
28:42 Gambesons
28:58 Squires
29:36 Leather Archer Armor
30:51 Thumb Ring
37:32 Horse Collar
爺爺使把勁
10:21 Feudal Age
11:04 Double-Bit Axe
15:20 Castle Age
13:21 Horse Collar
16:22 Wheelbarrow
16:01 Heavy Plow
24:00 Loom
28:14 Gold Mining
37:48 Imperial Age
35:22 Stone Mining
37:02 Stone Shaft Mining
37:02 Gold Shaft Mining
83716497273
9:46 Feudal Age
11:32 Double-Bit Axe
13:51 Castle Age
11:58 Horse Collar
14:57 Bow Saw
20:28 Gold Mining
23:25 Gold Shaft Mining
22:55 Stone Mining
24:33 Wheelbarrow
24:35 Loom
28:18 Imperial Age
26:46 Scale Mail Armor
26:57 Forging
27:33 Heavy Plow
27:49 Chain Mail Armor
28:20 Squires
28:05 Gambesons
28:34 Elite Varangian Guard
29:17 Capped Ram
29:44 Pikeman
31:28 Plate Mail Armor
31:45 Hand Cart
31:59 Conscription
32:41 Siege Ram
34:13 Siege Engineers
34:57 Iron Casting
34:25 Northmen's Fury
38:02 Blast Furnace
Otto der Große
10:04 Feudal Age
14:00 Castle Age
11:42 Horse Collar
14:18 Double-Bit Axe
15:38 Bow Saw
20:32 Loom
21:56 Man-at-Arms
23:12 Squires
23:15 Scale Mail Armor
23:26 Forging
23:06 Long Swordsman
25:05 Wheelbarrow
28:59 Imperial Age
27:43 Iron Casting
27:23 Chain Mail Armor
27:54 Hand Cart
28:27 Heavy Plow
29:28 Legionary
31:40 Blast Furnace
31:02 Conscription
31:21 Crop Rotation
30:44 Gold Mining
33:35 Gold Shaft Mining
33:45 Comitatenses
福
10:10 Feudal Age
10:13 Loom
14:03 Castle Age
13:28 Double-Bit Axe
17:08 Bow Saw
26:41 Fletching
27:04 Forging
oioi55669
11:18 Feudal Age
14:49 Castle Age
14:43 Double-Bit Axe
14:41 Horse Collar
14:57 Loom
17:03 Bow Saw
18:32 Gold Mining
19:23 Fletching
24:40 Imperial Age
22:31 Bodkin Arrow
23:54 Padded Archer Armor
25:54 Bracer
30:27 Leather Archer Armor
bubu09
7:41 Double-Bit Axe
10:31 Feudal Age
14:28 Castle Age
12:58 Bow Saw
12:47 Horse Collar
20:38 Wheelbarrow
20:32 Husbandry
20:16 Cavalier
22:23 Scale Barding Armor
23:26 Gold Mining
23:50 Heavy Plow
26:22 Chain Barding Armor
26:47 Gold Shaft Mining
28:08 Forging
28:38 Loom
29:09 Hand Cart
34:55 Stone Mining
36:46 Iron Casting
NiNi
8:18 Loom
10:20 Feudal Age
15:22 Castle Age
13:41 Double-Bit Axe
14:41 Horse Collar
25:19 Wheelbarrow
25:48 Fortified Wall
26:40 Hand Cart
28:33 Bow Saw
28:25 Heavy Plow
31:22 Imperial Age
31:03 Pikeman
31:44 Squires
31:58 Forging
31:48 Scale Mail Armor
32:28 Masonry
32:38 Ballistics
33:19 Chemistry
31:54 Elite Teutonic Knight
33:32 Guilds
35:07 Two-Man Saw
36:29 Iron Casting
36:09 Chain Mail Armor
35:40 Cavalier
Connection lost

Rejoining the realm…

Still unreachable

The connection could not be restored.

Session expired

The server has moved on; the page needs a fresh start.